 Dungeon Crawl Stone Soup version 0.16.1-4-g8e1b745 (webtiles) character file.

104 Econoterrorist the Cutter (level 4, -6/27 HPs)
             Began as a Deep Elf Fighter on Mar 27, 2015.
             Was an Initiate of Okawaru.
             Killed themself with a badly aimed fireball (7 damage)
             ... on level 2 of the Dungeon.
             The game lasted 00:09:57 (2875 turns).

Econoterrorist the Cutter (Deep Elf Fighter)        Turns: 2875, Time: 00:09:59

Health: -6/27      AC:  4    Str: 14    XL:     4   Next: 52%
Magic:  8/8        EV: 13    Int: 13    God:    Okawaru [......]
Gold:   70         SH:  9    Dex: 19    Spells: 0 memorised, 3 levels left

rFire  . . .     SeeInvis .     a - +0 rapier
rCold  . . .     Clarity  .     s - +1 robe {MR+}
rNeg   . . .     SustAb   .     c - +0 shield
rPois  .         Gourm    .     (no helmet)
rElec  .         Spirit   .     (no cloak)
rCorr  .         Warding  .     i - +0 pair of gloves
rMut   .         Stasis   .     (no boots)
MR     +....                    (no amulet)
Stlth  +++.......               (no ring)
                                (no ring)

@: agile, lethally poisoned (-6 -> -50), very slightly contaminated, hasted,
very quick, somewhat resistant to hostile enchantments, fairly stealthy
A: no striking features
a: Renounce Religion


You were on level 2 of the Dungeon.
You worshipped Okawaru.
Okawaru was noncommittal.
You were hungry.

You visited 1 branch of the dungeon, and saw 2 of its levels.

You collected 70 gold pieces.

Inventory:

Hand weapons
 a - a +0 rapier (weapon)
Armour
 c - a +0 shield (worn)
 i - a +0 pair of gloves (worn)
 s - a +1 robe of magic resistance (worn)
Magical devices
 e - a wand of fireball (6)
Scrolls
 g - 3 scrolls of remove curse
 h - 3 scrolls of teleportation
 j - a scroll of identify {unknown}
 k - a scroll of fear {unknown}
 m - a scroll of enchant armour {unknown}
Potions
 b - a potion of magic
Books
 r - a book of Flames

   Spells                             Type                      Level
   a - Flame Tongue                   Conjuration/Fire             1
   b - Throw Flame                    Conjuration/Fire             2
   c - Conjure Flame                  Conjuration/Fire             3
   d - Inner Flame                    Hexes/Fire                   3
   e - Sticky Flame                   Conjuration/Fire             4
   f - Fireball                       Conjuration/Fire             5
Comestibles
 d - 4 bread rations
 o - 2 slices of pizza
 q - 2 fruits


   Skills:
 - Level 2.4 Fighting
 + Level 4.8 Short Blades
 - Level 2.4 Armour
 - Level 2.4 Shields


You had 3 spell levels left.
You didn't know any spells.

Dungeon Overview and Level Annotations

Branches:
Dungeon (2/15)

Altars:
Okawaru
Ru
Trog

Annotations:
D:2 Robin


Message History

You are more poisoned.
You are very lightly contaminated with residual magic.
Drink which item? (? for menu, Esc to quit)
It was a potion of agility.
You feel agile all of a sudden.
* * * LOW HITPOINT WARNING * * *
You feel sick. The orc wizard barely misses you.
Evoke which item? (* to show all) (? for menu, Esc to quit)
Zapping:
e - a wand of fireball (will waste charges)
Press: ? - help, Shift-Dir - straight line, f - orc wizard
Aim: an orc wizard, wielding a dagger of venom and wearing a robe (heavily wounded, mute) That beam is likely to hit you.
Continue anyway?
The fireball explodes!
The fireball engulfs the orc wizard.
You kill the orc wizard!
Okawaru accepts your kill.
The fireball engulfs the kobold.
You kill the kobold!
Okawaru accepts your kill. The fireball engulfs you!
You die...

..# ...#. .....
##._.### ......###
#.†)#.# #..)#.#
####@.# #....#
###..# #.## #.#
#.# #.#
################.#
.................#


There were no monsters in sight!

Vanquished Creatures
  An orc wizard (D:2)
  An adder (D:1)
  2 worms
  An ooze (D:1)
  2 bats
  2 giant cockroaches
  15 goblins
  4 hobgoblins
  4 kobolds
  A giant newt (D:1)
  7 jackals
  11 rats
51 creatures vanquished.

Notes
Turn   | Place    | Note
--------------------------------------------------------------
     0 | D:1      | Econoterrorist, the Deep Elf Fighter, began the quest for the Orb.
     0 | D:1      | Reached XP level 1. HP: 13/13 MP: 2/2
   411 | D:1      | Reached XP level 2. HP: 18/18 MP: 4/4
   511 | D:1      | Reached skill level 3 in Short Blades
  1286 | D:1      | Reached XP level 3. HP: 18/22 MP: 6/6
  1752 | D:2      | Reached skill level 4 in Short Blades
  1885 | D:2      | Found an iron altar of Okawaru.
  1900 | D:2      | Found a bloodstained altar of Trog.
  1910 | D:2      | Became a worshipper of Warmaster Okawaru
  1928 | D:2      | Noticed Robin
  2604 | D:2      | Reached XP level 4. HP: 20/27 MP: 8/8
  2858 | D:2      | Found a sacrificial altar of Ru.
  2874 | D:2      | HP: 1/27 [poisoned by an orc wizard]
  2875 | D:2      | Killed themself with a badly aimed fireball

Action                   |  1- 3 |  4- 6 || total
-------------------------+-------+-------++-------
Melee: Rapier            |   178 |    25 ||   203
  Use: Potion            |     4 |     3 ||     7
       Scroll            |     3 |       ||     3
  Eat: Chunk             |     5 |       ||     5
       Fruit             |       |     1 ||     1
